 Dungeon Crawl Stone Soup version 0.29.0-11-gd7f09526c8 (webtiles) character file.

Game seed: 3862267430441330291

139 xian the Chopper (level 5, -9/41 HPs)
             Began as a Demonspawn Monk on Sept 6, 2022.
             Killed by divine providence
             ... invoked by an orc priest
              (14 damage)
             ... on level 3 of the Dungeon.
             The game lasted 00:05:54 (2243 turns).

xian the Chopper (Demonspawn Monk)                  Turns: 2243, Time: 00:05:55

Health: -9/41      AC: 11    Str: 14    XL:     5   Next: 1%
Magic:  5/5        EV:  8    Int: 11    God:
Gold:   120        SH:  7    Dex: 15    Spells: 4/4 levels left

rFire   . . .      SeeInvis .   a - +0 hand axe
rCold   . . .      Faith    .   i - +0 kite shield
rNeg    . . .      Spirit   .   f - +0 scale mail
rPois   .          Reflect  .   d - +2 helmet
rElec   .          Harm     .   (no cloak)
rCorr   .          Rampage  .   (no gloves)
Will    .....                   (no boots)
Stlth   +.........              (no amulet)
HPRegen 0.13/turn               (no ring)
MPRegen 0.09/turn               (no ring)

@: no status effects
A: icy blue scales 1, powered by death 1, demonic touch 1
a: no special abilities


You were on level 3 of the Dungeon.
You visited 1 branch of the dungeon, and saw 3 of its levels.

You collected 168 gold pieces.
You spent 48 gold pieces at shops.

Inventory:

Hand Weapons
 a - a +0 hand axe (weapon)
Missiles
 b - 2 boomerangs (quivered)
 n - 5 atropa-tipped darts
Armour
 d - a +2 helmet (worn)
 f - a +0 scale mail (worn)
 i - a +0 kite shield (worn)
Jewellery
 s - a ring of resist corrosion
Wands
 p - a wand of acid (3)
Scrolls
 j - a scroll of magic mapping
 l - 2 scrolls of teleportation {unknown}
 m - a scroll of vulnerability
Potions
 c - 2 potions of ambrosia
 e - 2 potions of resistance {unknown}
 g - a potion of invisibility {unknown}
 h - a potion of heal wounds {unknown}
 k - a potion of flight {unknown}
 o - a potion of magic {unknown}
 q - a potion of lignification {unknown}
 r - a potion of attraction {unknown}


   Skills:
 + Level 3.6 Fighting
 + Level 3.7 Axes
 * Level 1.4 Throwing
 + Level 0.3 Armour
 + Level 3.2 Dodging
 + Level 2.0 Stealth
 + Level 0.6 Shields


You had 4 spell levels left.
You didn't know any spells.
Your spell library contained the following spells:

 Spells                   Type           Power      Damage    Failure   Level
 Ignite Poison            Fire/Tmut/Pois 0%         N/A       100%        3
 Mephitic Cloud           Conj/Pois/Air  0%         N/A       100%        3
 Freezing Cloud           Conj/Ice/Air   0%         6-21      100%        5


Dungeon Overview and Level Annotations

Branches:
Dungeon (3/15)

Altars:

Shops:
D:3 *

Annotations:
D:3 2 transporters


Innate Abilities, Weirdness & Mutations

You are partially covered in icy blue scales. (AC +2)
You regenerate a little health from kills.
Your touch may inflict minor irresistible damage on your foes.


Message History

The orc wizard hits you but does no damage.
The orc priest hits you but does no damage.
You hit the orc wizard.
The orc wizard is severely wounded.
You hit the orc priest. The orc wizard barely misses you.
The orc priest hits you but does no damage.
You hit the orc wizard but do no damage.
The orc wizard is severely wounded.
You hit the orc priest but do no damage.
The orc wizard hits you but does no damage.
The orc priest hits you but does no damage.
You hit the orc wizard.
The orc wizard is almost dead.
You hit the orc priest but do no damage.
The orc wizard hits you but does no damage.
The orc priest calls down the wrath of Beogh upon you.
You barely resist.
The orc priest miscasts a cantrip.
You block the orc wizard's attack.
You hit the orc wizard.
You kill the orc wizard!
You hit the orc priest. You block the orc priest's attack.
You have reached level 5!
Your demonic ancestry asserts itself...
Icy blue scales grow over part of your body.
You hit the orc priest.
The orc priest is moderately wounded.
The orc priest calls down the wrath of Beogh upon you.
Pain shoots through your body!
You barely miss the orc priest.
The orc priest is moderately wounded.
The orc priest miscasts a cantrip.
The orc priest mumbles some strange prayers to Beogh against you.
Beogh smites you!
* * * LOW HITPOINT WARNING * * *
You barely miss the orc priest.
The orc priest is moderately wounded.
The orc priest mumbles some strange prayers to Beogh against you.
Beogh smites you!
You die...

### . #.### .!## #....#
..## #.##..# S. .$.# #.#
#..# ...##.. #.# #..
.o...#.###.#####.####
#.......o@.......#########
###...#.>#####...∩†..##...
###.##..# ##.####.....#
#.###.# #.####......
#...#.# #....#.#####
###.#.# ###.....# #.#>#
###..###.# #.#.####...##
... #.#......#.## ## #


You could see an orc priest.

Vanquished Creatures
  An orc wizard (D:3)
  3 adders
  2 worms
  A dart slug (D:1)
  2 orcs (D:3)
  5 ball pythons
  3 bats
  5 endoplasms
  2 giant cockroaches
  10 goblins
  2 hobgoblins
  3 quokkas
  4 frilled lizards
  4 kobolds
  7 rats
54 creatures vanquished.

Vanquished Creatures (others)
  An orc wizard (D:3)
  8 plants (D:1)
  6 withered plants (D:1)
15 creatures vanquished.

Grand Total: 69 creatures vanquished

Notes
Turn   | Place    | Note
-------+----------+-------------------------------------------
     0 | D:1      | xian the Demonspawn Monk began the quest for the Orb.
     0 | D:1      | Reached XP level 1. HP: 18/18 MP: 1/1
   239 | D:1      | Gained mutation: Your touch may inflict minor irresistible
                  | damage on your foes. [demonic ancestry]
   239 | D:1      | Reached XP level 2. HP: 24/24 MP: 2/2
   426 | D:1      | Found a faded altar of an unknown god.
   628 | D:1      | Gained mutation: You regenerate a little health from kills.
                  | [demonic ancestry]
   628 | D:1      | Reached XP level 3. HP: 24/29 MP: 3/3
  1926 | D:3      | Found a transporter.
  1944 | D:3      | Found Gabiaf's General Store.
  1956 | D:3      | Bought 2 scrolls of identify for 48 gold pieces
  1988 | D:3      | Found a transporter.
  2026 | D:3      | Noticed a kobold demonologist
  2118 | D:3      | Reached XP level 4. HP: 34/35 MP: 4/4
  2199 | D:3      | Reached skill level 1 in Throwing
  2241 | D:3      | Gained mutation: You are partially covered in icy blue
                  | scales. (AC +2) [demonic ancestry]
  2241 | D:3      | Reached XP level 5. HP: 23/41 MP: 5/5
  2243 | D:3      | Killed from afar by an orc priest

Illustrated notes

Levels and vault maps discovered:
D:1:      amcnicky_arrival_choice, layout_basic,
          shapermc_ecumenical_altar_flowoftime, minmay_door_square
D:2:      layout_loops_ring
D:3:      gammafunk_wand_slinger, layout_rooms, nemelex_dance_club_becter,
          serial_shops, shop, minmay_goblin_kobold_house

Skill      XL: |  1  2  3  4 |
---------------+-------------+-----
Dodging        | 3 |  3.2
Axes           | 3 |  3.7
Stealth        | 2 |  2.0
Throwing       | 1 |  1.4
Fighting       | |  3.6
Armour         | |  0.3
Shields        | |  0.6

Action                   |  1- 3 |  4- 6 || total
-------------------------+-------+-------++-------
Melee: Hand axe          |   152 |    49 ||   201
       Punch             |     1 |       ||     1
       Touch             |     9 |       ||     9
Throw: Boomerang         |    32 |       ||    32
  Use: Scroll            |     6 |       ||     6
 Stab: Sleeping          |     2 |       ||     2
Armor: Robe              |    38 |       ||    38
       Scale mail        |    31 |    42 ||    73
Dodge: Dodged            |    81 |    17 ||    98
Block: Kite shield       |    32 |    22 ||    54
